 Dungeon Crawl Stone Soup version 0.30.1-11-g7821555f0a (webtiles) character file.

Game seed: 1048678037357989164

395 bnorton916 the Magician (level 6, 0/32 HPs)
             Began as a Deep Elf Fire Elementalist on Nov 11, 2023.
             Was an Initiate of Vehumet.
             Slain by a black bear (2 damage)
             ... on level 4 of the Dungeon.
             The game lasted 00:08:31 (5597 turns).

bnorton916 the Magician (DEFE)                      Turns: 5597, Time: 00:08:31

Health: 0/32       AC:  6    Str:  5    XL:     6   Next: 52%
Magic:  8/16       EV: 12    Int: 22    God:    Vehumet [......]
Gold:   161        SH:  0    Dex: 15    Spells: 10/16 levels left

rFire   . . .        (no weapon)
rCold   . . .        (no shield)
rNeg    . . .        a - +0 robe
rPois   .            (no helmet)
rElec   .            (no cloak)
rCorr   .            (no gloves)
SInv    .            (no boots)
Will    .....        (no amulet)
Stlth   ++           c - +4 ring of protection
HPRegen 0.25/turn    f - ring of wizardry
MPRegen 0.15/turn

%: wizardry (x1)
@: no status effects
A: no striking features
a: Renounce Religion


You were on level 4 of the Dungeon.
You worshipped Vehumet.
Vehumet was noncommittal.
You visited 1 branch of the dungeon, and saw 5 of its levels.

You collected 161 gold pieces.

Inventory:

Armour
 a - a +0 robe (worn)
 i - a +3 leather armour
 j - the +3 kite shield of Poto {rC+}
   (You found it on level 2 of the Dungeon)

   rC:        It protects you from cold.
Jewellery
 c - a +4 ring of protection (left hand)
 f - a ring of wizardry (right hand)
 g - an amulet of guardian spirit
Wands
 o - a wand of flame (27)
Scrolls
 d - 8 scrolls of identify
 k - 2 scrolls of amnesia {unknown}
 p - 2 scrolls of vulnerability {unknown}
 q - a scroll of acquirement {unknown}
 s - a scroll of blinking {unknown}
 t - a scroll of poison {unknown}
Potions
 b - a potion of magic
 e - 5 potions of heal wounds
 h - 4 potions of curing {unknown}
 l - a potion of haste {unknown}
 m - 2 potions of degeneration {unknown}
 n - 2 potions of brilliance {unknown}
 r - a potion of might {unknown}


   Skills:
 + Level 2.6 Armour
 - Level 2.4 Dodging
 - Level 2.4 Stealth
 - Level 5.7 Spellcasting
 - Level 3.1 Conjurations
 - Level 2.0 Translocations
 - Level 4.3 Fire Magic


You had 10 spell levels left.
You knew the following spells:

 Your Spells              Type           Power      Damage    Failure   Level
a - Foxfire               Conj/Fire      88%        2x1d8     1%          1
b - Scorch                Fire           50%        2d7       1%          2
c - Volatile Blastmotes   Fire/Tloc      40%        2d13      3%          3

Your spell library contained the following spells:

 Spells                   Type           Power      Damage    Failure   Level
 Inner Flame              Hex/Fire       15%        N/A       4%          3
 Flame Wave               Conj/Fire      22%        2d8       9%          4


Dungeon Overview and Level Annotations

Branches:
Dungeon (5/15)
 Temple: D:4-7

Altars:
Cheibriados
Vehumet
Wu Jian
Yredelemnul
Zin


Message History

The black bear misses you.
The black bear claws you but does no damage.
The jackal closely misses you.
The black bear attacks as you move away!
The black bear bites you. The black bear barely misses you.
The black bear claws you but does no damage.
The jackal closely misses you.
Casting: Scorch (safe; 1% risk of failure)
Confirm with . or Enter, or press ? or * to list all spells.
Flames lash the jackal.
You kill the jackal!
Vehumet accepts your kill.
The black bear closely misses you. x2; The black bear claws you.
The black bear is no longer more vulnerable to fire.
The black bear closely misses you.
The black bear claws you but does no damage.
The black bear misses you.
Unknown command.
Casting: Scorch (safe; 1% risk of failure)
Confirm with . or Enter, or press ? or * to list all spells.
Flames lash the black bear.
The black bear is severely wounded.
The black bear's fire resistance burns away.
The black bear goes berserk!
The black bear bites you.
The black bear claws you but does no damage.
The black bear closely misses you. The black bear barely misses you.
The black bear completely misses you. The black bear barely misses you.
Unknown command.
Casting: Scorch (safe; 1% risk of failure)
Confirm with . or Enter, or press ? or * to list all spells.
Flames lash the black bear.
The black bear is burned terribly!
The black bear is almost dead.
The black bear bites you. The black bear claws you.
* * * LOW HITPOINT WARNING * * *
The black bear claws you but does no damage.
The black bear barely misses you. The black bear claws you.
* * * LOW HITPOINT WARNING * * *
The black bear claws you.
You die...

#####.....#...#.......#.<..#...
#>..'.....#...#.......#)...#...
#...#.....##+##.......#....#...
#...#.................#....#...
##+##.................#[...#...
#..............#'######....#...
#..............#...........#...
#.........######...........#...
#.........#..†@............#...
#....##+###..h.............#...
#....+....>...##.....##....#...
#....#........##.....##....#...
#....########'##.....#.....#...
#.............<#.....'.....#...
#..............#.....#.....#...
#†.............#.....##....#...
#..............########....#...


You could see a black bear (berserk, combustible).

Vanquished Creatures
  A black bear (D:3)
  An orc priest (D:3)
  A gnoll bouda (D:3)
  2 hounds
  Natasha (D:3)
  4 adders
  4 gnolls
  An ufetubus (D:4)
  A worm (D:2)
  A dart slug (D:5)
  8 orcs (D:3)
  4 endoplasms
  5 giant cockroaches
  9 goblins
  3 hobgoblins
  4 jackals
  5 quokkas
  9 ball pythons
  4 bats
  4 frilled lizards
  6 kobolds
  4 rats
82 creatures vanquished.

Vanquished Creatures (others)
  310 foxfires
310 creatures vanquished.

Grand Total: 392 creatures vanquished

Notes
Turn   | Place    | Note
-------+----------+-------------------------------------------
     0 | D:1      | bnorton916 the Deep Elf Fire Elementalist began the quest
                  | for the Orb.
     0 | D:1      | Reached XP level 1. HP: 10/10 MP: 6/6
   403 | D:1      | Reached XP level 2. HP: 15/15 MP: 4/8
  1348 | D:2      | Found a faded altar of an unknown god.
  1612 | D:2      | Identified the +1 robe of Hedonism {Int+4}
  1707 | D:2      | Reached XP level 3. HP: 19/19 MP: 7/10
  1748 | D:2      | Identified the +3 kite shield of Poto {rC+}
  1886 | D:2      | You fall into a shaft and drop 1 floor!
  2210 | D:3      | Found an ornate altar of the Wu Jian Council.
  2349 | D:3      | Noticed a black bear
  2509 | D:3      | Reached skill level 4 in Spellcasting
  2741 | D:2      | Learned a level 2 spell: Scorch
  2745 | D:2      | Learned a level 3 spell: Volatile Blastmotes
  2923 | D:3      | Killed a black bear
  2924 | D:3      | Reached skill level 1 in Translocations
  2924 | D:3      | Reached XP level 4. HP: 19/24 MP: 4/12
  2924 | D:3      | Reached XP level 5. HP: 22/28 MP: 4/14
  3190 | D:3      | Noticed Natasha
  3197 | D:3      | Killed Natasha
  3198 | D:3      | Reached skill level 1 in Armour
  3198 | D:3      | Reached skill level 5 in Spellcasting
  3956 | D:3      | Reached XP level 6. HP: 10/32 MP: 6/16
  4811 | D:4      | Found a glowing silver altar of Zin.
  4811 | D:4      | Noticed an angel
  4840 | D:4      | Found a snail-covered altar of Cheibriados.
  4985 | D:4      | Found a radiant altar of Vehumet.
  4985 | D:4      | Found a basalt altar of Yredelemnul.
  5001 | D:4      | Became a worshipper of Vehumet
  5253 | D:5      | Entered Level 5 of the Dungeon
  5597 | D:4      | Slain by a black bear

Illustrated notes

Levels and vault maps discovered:
D:1:      zaba_arrival_water, layout_basic
D:2:      layout_loops_ring, shapermc_ecumenical_altar_ellora
D:3:      layout_basic, pdpol_wu_jian_five_deadly_venoms, moated_statue,
          uniq_natasha
D:4:      layout_gridville, cheibriados_altar_1, zin_angel,
          nicolae_overflow_two_pavilions
D:5:      layout_cave_pools, kennysheep_mini, lemuel_round_altar

Skill      XL: |  1  2  3  4  5  6 |
---------------+-------------------+-----
Fire Magic     | 4 |  4.3
Spellcasting   | 4 5 |  5.7
Conjurations   | 2 3 |  3.1
Translocations | 1 2 |  2.0
Armour         | 1 2 |  2.6
Dodging        | |  2.4
Stealth        | |  2.4

Action                     |  1- 3 |  4- 6 || total
---------------------------+-------+-------++-------
   Cast: Foxfire           |   119 |    68 ||   187
         Scorch            |     3 |    20 ||    23
         Volatile Blastmot |       |     4 ||     4
    Use: Potion            |     1 |     1 ||     2
         Scroll            |     1 |       ||     1
 Armour: Robe              |    26 |    27 ||    53
  Dodge: Dodged            |    44 |    74 ||   118
